 Dungeon Crawl Stone Soup version 0.31-a0-691-g409c26aa35 (webtiles) character file.

Game seed: 8204505034645522117

172 qw the Shooter (level 5, -1/32 HPs)
             Began as a Gargoyle Hunter on Sept 6, 2023.
             Slain by a gnoll
             ... wielding a +0 club
              (2 damage)
             ... on level 4 of the Dungeon.
             The game lasted 00:00:57 (1866 turns).

qw the Shooter (Gargoyle Hunter)                    Turns: 1866, Time: 00:00:58

Health: -1/32      AC:  9    Str: 15    XL:     5   Next: 53%
Magic:  5/5        EV: 11    Int:  9    God:
Gold:   20         SH:  0    Dex: 15    Spells: 4/4 levels left

rFire   . . .        Y - +0 shortbow
rCold   . . .        (shield currently unavailable)
rNeg    + . .        b - +0 ring mail
rPois   inf          (no helmet)
rElec   +            (no cloak)
rCorr   .            (no gloves)
SInv    .            (no boots)
Will    .....        (no amulet)
Stlth   +            (no ring)
HPRegen 0.25/turn    (no ring)
MPRegen 0.09/turn

%: no passive effects
@: about to teleport
A: sickness immunity, AC +4, negative energy resistance 1, electricity
resistance, torment resistance 1, petrification resistance
a: no special abilities


You were on level 4 of the Dungeon.
You visited 1 branch of the dungeon, and saw 4 of its levels.

You collected 268 gold pieces.
You spent 248 gold pieces at shops.


Innate Abilities, Weirdness & Mutations

You are immune to sickness and miasma.
Your stone body is resilient. (AC +4)
You are immune to poison.
You resist negative energy. (rN+)
You are resistant to electric shocks. (rElec)
You are resistant to unholy torment.
You are immune to petrification.


   Skills:
 + Level 3.1 Fighting
 - Level 6.1 Ranged Weapons
 - Level 1.0 Armour
 - Level 1.5 Dodging
 - Level 1.1 Stealth


You had 4 spell levels left.
You didn't know any spells.
Your spell library was empty.

Inventory:

Hand Weapons
 Y - a +0 shortbow (weapon)
Armour
 b - a +0 ring mail (worn)
 e - a scarf of harm
Scrolls
 a - a scroll of identify
Potions
 d - a potion of might
 f - a potion of haste {unknown}
 g - a potion of curing
 h - a potion of resistance {unknown}

Dungeon Overview and Level Annotations

Branches:
Dungeon (4/15)
 Temple: D:4-7

Altars:
Hepliaklqana
Qazlal
Ru

Shops:
D:4 [


Message History

The arrow barely misses the gnoll.
The gnoll shouts!
The arrow hits the gnoll.
The gnoll is lightly wounded.
You shoot an arrow. The arrow hits the gnoll.
The gnoll is heavily wounded.
You shoot an arrow.
The arrow hits the gnoll but does no damage.
The gnoll is heavily wounded.
You shoot an arrow. The arrow hits the gnoll.
The gnoll is severely wounded.
The gnoll barely misses you.
You shoot an arrow. The arrow barely misses the gnoll. x2
The arrow hits the gnoll.
The gnoll is heavily wounded.
The gnoll hits you but does no damage.
You shoot an arrow. The arrow completely misses the gnoll.
The arrow closely misses the gnoll. x2
The gnoll hits you with a +0 flail. The gnoll misses you.
The gnoll hits you but does no damage. x2
You shoot an arrow. The arrow barely misses the gnoll.
The gnoll completely misses you.
The gnoll hits you but does no damage. x2
The gnoll hits you from afar with a +0 spear.
You shoot an arrow. The arrow closely misses the gnoll.
The gnoll hits you with a +0 flail! The gnoll hits you but does no damage.
The gnoll hits you with a +0 club. The gnoll hits you but does no damage.
You shoot an arrow. The arrow barely misses the gnoll.
The gnoll hits you with a +0 flail. The gnoll hits you with a +0 whip.
The gnoll closely misses you. The gnoll barely misses you.
1865 ||| READING scroll of teleportation.
As you read the scroll of teleportation, it crumbles to dust.
You feel strangely unstable. The gnoll barely misses you.
The gnoll closely misses you.
The gnoll hits you from afar with a +0 spear.
You shoot an arrow.
The arrow hits the gnoll but does no damage.
The gnoll is severely wounded.
The gnoll misses you. The gnoll barely misses you.
The gnoll hits you with a +0 club.
You die...

..............# .
........#.....##..
#......##..#.>....
......#...#......
#.............
#.....\.#.....
#..#.\\\..## #
###.##..\..>.#
..#g@.##...##...#
#...gg##....#....#
##.g..##........##
..........#...#..#
##...##...##..#..#
..... #.........###
..##....##.......#.#
.. ##...##.........#
##. #.....>....#


You could see 4 gnolls.

Vanquished Creatures
  An iguana (D:4)
  A gnoll (D:1)
  6 adders
  A worm (D:2)
  4 dart slugs
  An orc (D:3)
  6 bats
  3 endoplasms
  3 giant cockroaches
  4 goblins
  11 hobgoblins
  3 jackals (D:3)
  8 kobolds
  2 quokkas (D:1)
  4 ball pythons
  4 frilled lizards
  6 rats
68 creatures vanquished.

Notes
Turn   | Place    | Note
-------+----------+-------------------------------------------
     0 | D:1      | qw the Gargoyle Hunter began the quest for the Orb.
     0 | D:1      | Reached XP level 1. HP: 12/12 MP: 1/1
     0 | D:1      | 0 ||| qw: Version: 0.3-a-76-g4403597
     0 | D:1      | 0 ||| qw: Game counter: 240
     0 | D:1      | 0 ||| qw: Melee chars always use a shield: true
     0 | D:1      | 0 ||| qw: God list: Okawaru
     0 | D:1      | 0 ||| qw: Allow faded altars: false
     0 | D:1      | 0 ||| qw: Do Orc after clearing Dungeon:15 true
     0 | D:1      | 0 ||| qw: Do second Lair branch before Depths: true
     0 | D:1      | 0 ||| qw: Lair rune preference: random
     0 | D:1      | 0 ||| qw: Goals: Normal
     0 | D:1      | 0 ||| PLANNING D:1-11
   115 | D:1      | Reached XP level 2. HP: 17/17 MP: 2/2
   227 | D:1      | Reached XP level 3. HP: 21/21 MP: 3/3
   252 | D:1      | Reached skill level 5 in Ranged Weapons
   450 | D:1      | 450 ||| READING 2 scrolls labelled IMACSALISA.
   451 | D:1      | 451 ||| READING scroll labelled KOMIUR CUTE.
   456 | D:1      | 456 ||| READING scroll labelled KYRERI CATAZES.
   457 | D:1      | 457 ||| READING scroll labelled SOUCUJ NAPA.
   458 | D:1      | 458 ||| DROPPING scroll of butterflies.
   469 | D:2      | Found a faded altar of an unknown god.
   478 | D:2      | Reached skill level 3 in Fighting
   478 | D:2      | 478 ||| STAIRDANCE
   521 | D:2      | Reached XP level 4. HP: 28/28 MP: 4/4
   719 | D:2      | Found a stormy altar of Qazlal.
  1078 | D:2      | 1078 ||| UPGRADING to +0 ring mail.
  1088 | D:2      | 1088 ||| DROPPING +0 leather armour.
  1089 | D:2      | 1089 ||| DRINKING 2 purple potions.
  1090 | D:2      | 1090 ||| DRINKING 2 dark potions.
  1105 | D:2      | 1105 ||| DROPPING potion of lignification.
  1131 | D:3      | Found a hazy altar of Hepliaklqana.
  1190 | D:3      | Reached skill level 1 in Armour
  1296 | D:3      | Reached XP level 5. HP: 32/32 MP: 5/5
  1678 | D:3      | 1678 ||| READING scroll labelled HASE DOURO.
  1679 | D:3      | 1679 ||| DRINKING 2 sapphire potions.
  1680 | D:3      | 1680 ||| READING 2 scrolls of identify.
  1680 | D:3      | 1680 ||| IDENTIFYING metallic golden potion
  1681 | D:3      | 1681 ||| DROPPING potion of ambrosia.
  1701 | D:4      | Found a sacrificial altar of Ru.
  1732 | D:4      | Reached skill level 6 in Ranged Weapons
  1838 | D:4      | Found Xerimo's Antique Armour Shoppe.
  1846 | D:4      | 1846 ||| BUYING glowing scarf (248 gold).
  1846 | D:4      | Bought a glowing scarf for 248 gold pieces
  1864 | D:4      | HP: 5/32 [gnoll/+0 flail (5)]
  1864 | D:4      | HP: 2/32 [gnoll/+0 whip (3)]
  1865 | D:4      | 1865 ||| READING scroll of teleportation.
  1866 | D:4      | Slain by a gnoll

Levels and vault maps discovered:
D:1:      dreamdust_arrival_sigmund_warning, layout_rooms
D:2:      layout_basic, basic_altar, basic_ecumenical_altar,
          minmay_misc_feat_more_columns, minmay_curled_crystal,
          minmay_split_cup_small
D:3:      layout_loops_ring, lemuel_round_altar, minmay_misc_feat_enclosed
D:4:      layout_cave_pools, mainiacjoe_overflow_catwalk, serial_shops,
          nicolae_shop_dealshenge, uniq_crazy_yiuf_cottage

Skill      XL: |  1  2  3  4  5 |
---------------+----------------+-----
Ranged Weapons | 5 6 |  6.1
Fighting       | 3 |  3.1
Armour         | 1 |  1.0
Dodging        | |  1.5
Stealth        | |  1.1

Action                     |  1- 3 |  4- 6 || total
---------------------------+-------+-------++-------
   Fire: Shortbow          |    97 |   138 ||   235
    Use: Scroll            |     4 |     3 ||     7
         Potion            |       |     3 ||     3
 Armour: Leather armour    |    22 |    11 ||    33
         Ring mail         |       |    35 ||    35
  Dodge: Dodged            |    23 |    29 ||    52

Table legend:
 A = Non-vault XP
 B = Vault XP
 C = Vault XP percentage of total XP
 D = Non-vault monster count
 E = Vault monster count
 F = Vault count percentage of total count
                 A         B        C        D         E       F
            +---------+---------+-------+---------+---------+-------
      Total |     238 |       9 |   3.6 |      65 |       3 |   4.4
            +---------+---------+-------+---------+---------+-------
        D:1 |      60 |       0 |   0.0 |      26 |       0 |   0.0
        D:2 |      70 |       9 |  11.4 |      19 |       3 |  13.6
        D:3 |      54 |       0 |   0.0 |      16 |       0 |   0.0
        D:4 |      54 |       0 |   0.0 |       4 |       0 |   0.0
            +---------+---------+-------+---------+---------+-------
